 Dungeon Crawl Stone Soup version 0.22-a0-782-g038298e (webtiles) character file.

62 Amnesiac the Magician (level 3, -2/24 HPs)
             Began as a Mummy Earth Elementalist on July 20, 2018.
             Slain by a river rat (9 damage)
             ... on level 3 of the Dungeon.
             The game lasted 00:02:27 (824 turns).

Amnesiac the Magician (Mummy Earth Elementalist)     Turns: 824, Time: 00:02:28

Health: -2/24      AC:  2    Str: 11    XL:     3   Next: 85%
Magic:  0/8        EV: 12    Int: 15    God:
Gold:   83         SH:  0    Dex: 12    Spells: 6/9 levels left

rFire    x . .     SeeInvis .   (no weapon)
rCold    + . .     Gourm    .   (no shield)
rNeg     + + +     Faith    .   c - +0 robe
rPois    ∞         Spirit   .   (no helmet)
rElec    .         Reflect  .   (no cloak)
rCorr    .         Harm     .   (no gloves)
MR       +....                  (no boots)
Stlth    ++........             (no amulet)
HPRegen  0.08/turn              f - ring of protection from magic
MPRegen  0.11/turn              (no ring)

@: no status effects
A: no food or potions, fire vulnerability, cold resistance 1, negative energy
resistance 3, torment resistance, unbreathing
a: no special abilities


You were on level 3 of the Dungeon.
You were not hungry.

You visited 1 branch of the dungeon, and saw 6 of its levels.

You collected 83 gold pieces.

Inventory:

Missiles
 b - 20 stones (quivered)
Armour
 c - a +0 robe (worn)
Jewellery
 f - a ring of protection from magic (left hand)
Scrolls
 a - 2 scrolls of blinking {!r, unknown}
 d - a scroll of teleportation {!r, unknown}
 e - 2 scrolls of remove curse {!r, unknown}


   Skills:
 - Level 1.5 Dodging
 - Level 1.5 Stealth
 + Level 3.6 Spellcasting
 - Level 0.7 Transmutations
 * Level 3.6 Earth Magic


You had 6 spell levels left.
You knew the following spells:

 Your Spells              Type           Power        Failure   Level  Hunger
a - Sandblast             Erth           ##....       4%          1    N/A
b - Passwall              Tmut/Erth      #.......     12%         2    N/A

Your spell library contained the following spells:

 Spells                   Type           Power        Failure   Level  Hunger
 Stone Arrow              Conj/Erth      #.....       26%         3    N/A
 Lee's Rapid Deconstruct  Erth           ##........   75%         5    N/A
 Petrify                  Tmut/Erth      #.......     61%         4    N/A

Dungeon Overview and Level Annotations

Branches:
Dungeon (6/15)
 Temple: D:4-7

Altars:


Innate Abilities, Weirdness & Mutations

You do not eat or drink.
Your flesh is vulnerable to fire.
You are immune to poison.
Your flesh is cold resistant. (rC+)
You are immune to negative energy. (rN+++)
You are immune to unholy pain and torment.
You can survive without breathing.


Message History

The river rat bites you but does no damage.
The river rat bites you. The river rat barely misses you.
The river rat bites you but does no damage.
Casting: Sandblast (safe; 4% risk of failure)
Confirm with . or Enter, or press ? or * to list all spells.
Aiming: Sandblast (safe; 4% risk of failure)
Press: ? - help, Shift-Dir - straight line, f - river rat
Aim: a river rat The blast of sand hits the river rat.
The river rat is heavily wounded.
b - 25 stones The river rat bites you!
* * * LOW HITPOINT WARNING * * *
Unknown command.
Casting: Sandblast (safe; 4% risk of failure)
Confirm with . or Enter, or press ? or * to list all spells.
Aiming: Sandblast (safe; 4% risk of failure)
Press: ? - help, Shift-Dir - straight line, f/p - river rat
Aim: a river rat (heavily wounded)
The blast of sand hits the river rat.
b - 24 stones The river rat closely misses you.
Unknown command.
Casting: Sandblast (safe; 4% risk of failure)
Confirm with . or Enter, or press ? or * to list all spells.
Aiming: Sandblast (safe; 4% risk of failure)
Press: ? - help, Shift-Dir - straight line, f/p - river rat
Aim: a river rat (heavily wounded)
The blast of sand hits the river rat.
The river rat is heavily wounded.
b - 23 stones The river rat bites you.
* * * LOW HITPOINT WARNING * * *
Unknown command.
Casting: Sandblast (safe; 4% risk of failure)
Confirm with . or Enter, or press ? or * to list all spells.
Aiming: Sandblast (safe; 4% risk of failure)
Press: ? - help, Shift-Dir - straight line, f/p - river rat
Aim: a river rat (heavily wounded)
The blast of sand hits the river rat.
You kill the river rat!
b - 22 stones Unknown command.
Casting: Sandblast (safe; 4% risk of failure)
Confirm with . or Enter, or press ? or * to list all spells.
Aiming: Sandblast (safe; 4% risk of failure)
Press: ? - help, Shift-Dir - straight line, f/p - river rat
Aim: a river rat (heavily wounded)
The blast of sand misses the river rat.
b - 21 stones The river rat bites you.
* * * LOW HITPOINT WARNING * * *
Unknown command.
Casting: Sandblast (safe; 4% risk of failure)
Confirm with . or Enter, or press ? or * to list all spells.
Aiming: Sandblast (safe; 4% risk of failure)
Press: ? - help, Shift-Dir - straight line, f/p - river rat
Aim: a river rat (heavily wounded)
The blast of sand hits the river rat.
The river rat is heavily wounded.
b - 20 stones The river rat bites you!
You die...

..#####
#..†......#####
..# #........##
#≈ ..#
#........# #w
### ####.....#
≈## #####.##
≈≈# #†##≈##r#
#.##≈≈≈≈#
#.#####≈#≈#
#@##≈≈r≈≈≈#
#r##≈#########
#.##≈r≈≈≈≈≈≈≈#.
#..####≈#≈#≈≈..
#<...≈≈≈≈≈.≈..#
##.....≈.....##
#...........#
#........####
##########


You could see a river rat.

Vanquished Creatures
  2 adders (D:3)
  3 river rats (D:3)
  A worm (D:3)
  A leopard gecko (D:3)
  A ball python (D:1)
  A bat (D:1)
  4 hobgoblins
  2 rats (D:3)
15 creatures vanquished.

Notes
Turn   | Place    | Note
-------+----------+-------------------------------------------
     0 | D:1      | Amnesiac the Mummy Earth Elementalist began the quest for the Orb.
     0 | D:1      | Reached XP level 1. HP: 13/13 MP: 4/4
   384 | D:3      | Reached XP level 2. HP: 18/19 MP: 3/5
   388 | D:3      | Learned a level 2 spell: Passwall
   645 | D:5      | Entered Level 5 of the Dungeon
   680 | D:6      | Noticed an ice beast
   733 | D:3      | Reached XP level 3. HP: 24/24 MP: 3/7
   824 | D:3      | Slain by a river rat

Vault maps used:
D:1:      nicolae_arrival_memento_mori
D:2:      okawaru_trees_1, zin_statuary, first_ration, hangedman_decor_points,
          serial_bayou_pond_a
D:3:      cheibrodos_thug_alley, evilmike_ruin_ashenzari,
          lightli_sewer_entry_pipes, uniq_purgy
D:5:      minmay_temple_entry_glassed_door, nrook_mini_vaults, kennysheep_nub,
          kennysheep_generic_room_5
D:6:      uniq_grinder

Skill      XL: |  1  2 |
---------------+-------+-----
Spellcasting   | 3 |  3.6
Earth Magic    | 3 |  3.6
Dodging        | |  1.5
Stealth        | |  1.5
Transmutations | |  0.7

Action                   || total
-------------------------++-------
Melee: Unarmed           ||    24
 Cast: Sandblast         ||    38
       Passwall          ||     1
Armor: Robe              ||    20
Dodge: Dodged            ||    40

Table legend:
 A = Spawn XP
 B = Non-spawn XP
 C = Spawn XP percentage of total XP
 D = Spawn monster count
 E = Non-spawn monster count
 F = Spawn count percentage of total count
 G = Total turns spent on level
                    A         B        C        D         E        F      G
               +---------+---------+-------+---------+---------+-------+---------
         Total |       0 |      89 |   0.0 |       0 |      15 |   0.0 |   824
               +---------+---------+-------+---------+---------+-------+---------
           D:1 |       0 |      10 |   0.0 |       0 |       5 |   0.0 |   253
           D:3 |       0 |      79 |   0.0 |       0 |      10 |   0.0 |   330
               +---------+---------+-------+---------+---------+-------+---------
